 Dungeon Crawl Stone Soup version 0.27.1-33-g824d729ab1 (webtiles) character file.

Game seed: 5616758595837276

1108 alasdair19 the Slasher (level 8, -3/69 HPs)
             Began as a Minotaur Fighter on Dec 11, 2021.
             Slain by a vampire (11 damage)
             ... on level 4 of the Dungeon.
             The game lasted 00:08:23 (3925 turns).

alasdair19 the Slasher (Minotaur Fighter)           Turns: 3925, Time: 00:08:23

Health: -3/69      AC: 12    Str: 22    XL:     8   Next: 11%
Magic:  7/7        EV:  8    Int:  6    God:
Gold:   159        SH: 12    Dex: 16    Spells: 7/7 levels left

rFire    . . .     SeeInvis .   a - +0 long sword
rCold    . . .     Faith    .   c - +1 kite shield
rNeg     . . .     Spirit   .   b - +0 scale mail
rPois    .         Reflect  .   (helmet restricted)
rElec    .         Harm     .   (no cloak)
rCorr    .         Rampage  .   (no gloves)
Will     .....                  j - +0 pair of boots
Stlth    ..........             (no amulet)
HPRegen  0.21/turn              f - +6 ring of dexterity
MPRegen  0.10/turn              w - +4 ring of protection

@: no status effects
A: horns 2, retaliatory headbutt
a: no special abilities


You were on level 4 of the Dungeon.
You visited 1 branch of the dungeon, and saw 5 of its levels.

You collected 159 gold pieces.

Inventory:

Hand Weapons
 a - a +0 long sword (weapon)
 g - the +9 whip of Divine Valour {holy, Str+2 Int-3 Stlth+}
   (You found it on level 4 of the Dungeon)

   It has been blessed by the Shining One to cause great damage to the undead
   and demons.
   Str:       It affects your strength (+2).
   Int:       It affects your intelligence (-3).
   Stlth:     It makes you more stealthy.
Missiles
 e - 26 poisoned darts (quivered)
Armour
 b - a +0 scale mail (worn)
 c - a +1 kite shield (worn)
 j - a +0 pair of boots (worn)
Jewellery
 f - a +6 ring of dexterity (left hand)
 u - a ring of positive energy
 w - a +4 ring of protection (right hand)
Scrolls
 h - a scroll of fear {unknown}
 i - a scroll of torment {unknown}
 k - a scroll of silence {unknown}
 l - a scroll of acquirement {unknown}
 n - a scroll of enchant weapon {unknown}
 p - a scroll of magic mapping {unknown}
 r - a scroll of blinking {unknown}
 t - 2 scrolls of amnesia {unknown}
Potions
 m - a potion of brilliance
 o - a potion of invisibility
 v - 2 potions of lignification
 x - a potion of haste {unknown}
 z - a potion of attraction {unknown}


   Skills:
 + Level 5.4 Fighting
 + Level 6.7 Long Blades
 * Level 3.9 Throwing
 + Level 6.0 Armour
 + Level 6.2 Shields


You had 7 spell levels left.
You didn't know any spells.
Your spell library contained the following spells:

 Spells                   Type           Power      Damage    Failure   Level
 Summon Small Mammal      Summ           0%         N/A       98%         1
 Call Canine Familiar     Summ           0%         N/A       100%        3
 Summon Guardian Golem    Hex/Summ       0%         N/A       100%        3


Dungeon Overview and Level Annotations

Branches:
Dungeon (5/15)
 Temple: D:4-7

Altars:
Cheibriados
Wu Jian
Yredelemnul


Innate Abilities, Weirdness & Mutations

You have a pair of horns on your head.
You reflexively headbutt those who attack you in melee.


Message History

You climb upwards.
There is a stone staircase leading down here.
You feel much better.
The vampire hits you but does no damage.
The vampire bites you but does no damage.
You feel better. You block the vampire's attack.
The vampire bites you but does no damage.
You closely miss the vampire.
The vampire mumbles some strange words.
The vampire flickers and vanishes!
Deactivating autopickup; reactivate with Ctrl-A.
You slash something! Something hits you but does no damage.
Something bites you but does no damage.
You barely miss something. Something hits you but does no damage.
Something bites you but does no damage.
You hit something. You headbutt something. Something hits you.
Something bites you.
Something draws strength from your injuries!
You closely miss something. You headbutt something.
Something draws life force from you!
* * * LOW HITPOINT WARNING * * *
Something hits you.
* * * LOW HITPOINT WARNING * * *
Something bites you but does no damage.
You hit something but do no damage. Something hits you but does no damage.
Something bites you but does no damage.
You closely miss something. Your headbutt misses something.
Something hits you but does no damage. Something bites you.
* * * LOW HITPOINT WARNING * * *
Something draws strength from your injuries!
You miss something. Something hits you but does no damage.
Something bites you but does no damage. Something hits you but does no damage.
Something bites you but does no damage.
You barely miss something. Something hits you.
* * * LOW HITPOINT WARNING * * *
Something bites you but does no damage.
You feel better. Something hits you!
* * * LOW HITPOINT WARNING * * *
Something bites you!
You die...

..#### #..##.# #.##.#.#.# ..#
######.##.#####.##.#.#.# ♣≈##
##♣≈≈≈≈#..#.......#......# ♣♣≈♣
♣≈≈≈≈≈≈♣..#.##########.#.#
≈≈≈♣♣♣♣≈≈≈≈≈≈P...............###
≈≈≈≈≈≈≈≈≈≈≈≈≈P...##########....#
.................####### ##.#.#
≈≈≈≈≈≈≈≈≈≈≈≈≈♣.........# #.#.#
≈≈≈≈≈≈≈≈≈≈P≈≈#..@{...#.# #...#
P≈≈♣≈♣P≈P≈≈P########.#.# #####
♣♣≈###♣≈♣♣≈#########'#.## ♣≈##
###### #......)...# ≈##
#..........# ≈# #####≈.....# ♣♣
##≈≈≈≈..≈...# ♣♣♣#
###≈≈≈≈≈≈≈)...# P≈≈#
#≈≈≈≈≈≈≈≈≈≈...#


There were no monsters in sight!

Vanquished Creatures
  A two-headed ogre (D:5)
  2 ogres
  A water moccasin skeleton (D:4)
  A hound (D:4)
  A jelly (D:4)
  A bullfrog skeleton (D:4)
  Jessica (D:2)
  4 gnolls
  2 adders
  5 worms
  2 orcs (D:3)
  6 ball pythons
  5 endoplasms
  5 giant cockroaches
  7 goblins
  5 hobgoblins
  6 jackals
  5 kobolds
  3 quokkas
  11 bats
  A frilled lizard (D:2)
  8 rats
83 creatures vanquished.

Vanquished Creatures (others)
  3 plants (D:4)
3 creatures vanquished.

Grand Total: 86 creatures vanquished

Notes
Turn   | Place    | Note
-------+----------+-------------------------------------------
     0 | D:1      | alasdair19 the Minotaur Fighter began the quest for the
                  | Orb.
     0 | D:1      | Reached XP level 1. HP: 19/19 MP: 0/0
   154 | D:1      | Found a faded altar of an unknown god.
   858 | D:2      | Reached XP level 2. HP: 27/27 MP: 1/1
  1164 | D:1      | Reached skill level 1 in Throwing
  1164 | D:1      | Reached XP level 3. HP: 33/33 MP: 2/2
  1239 | D:2      | Reached XP level 4. HP: 40/40 MP: 3/3
  1243 | D:2      | Noticed Jessica
  1250 | D:2      | Killed Jessica
  1254 | D:2      | Found a snail-covered altar of Cheibriados.
  2224 | D:3      | Reached XP level 5. HP: 46/46 MP: 4/4
  2716 | D:4      | Found an ornate altar of the Wu Jian Council.
  2791 | D:4      | Identified the +9 whip of Divine Valour {holy, Str+2 Int-3
                  | Stlth+}
  2999 | D:4      | Reached XP level 6. HP: 53/53 MP: 5/5
  3047 | D:4      | Reached skill level 5 in Armour
  3089 | D:4      | Found a basalt altar of Yredelemnul.
  3566 | D:5      | Entered Level 5 of the Dungeon
  3572 | D:5      | Reached skill level 5 in Shields
  3575 | D:5      | Noticed a two-headed ogre
  3582 | D:5      | Killed a two-headed ogre
  3583 | D:5      | Reached skill level 5 in Fighting
  3583 | D:5      | Reached XP level 7. HP: 8/61 MP: 6/6
  3583 | D:5      | Reached XP level 8. HP: 9/68 MP: 7/7
  3925 | D:4      | Slain by a vampire

Illustrated notes

Levels and vault maps discovered:
D:1:      amcnicky_arrival_underground_garden, layout_loops_corners,
          hellmonk_ecumenical_altar_arch_garden, minmay_misc_feat_secret_circle
D:2:      layout_rooms, basic_altar, uniq_jessica
D:3:      wad_river_or_something, layout_loops_ring, minmay_quadrilaterals
D:4:      layout_basic, lemuel_coloured_pillars_altar,
          pdpol_wu_jian_five_deadly_venoms, chequers_serial_rivers_large_a,
          serial_bayou_lagoon_b
D:5:      layout_gridville, nicolae_ashenzari_skybound,
          mainiacjoe_overflow_concentric_impassable,
          chequers_serial_rivers_micro_e, uniq_pikel, uniq_grinder

Skill      XL: |  1  2  3  4  5  6  7  8 |
---------------+-------------------------+-----
Fighting       | 4 5 |  5.4
Armour         | 4 5 6 |  6.0
Shields        | 4 6 |  6.2
Throwing       | 1 2 3 |  3.9
Long Blades    | 3 4 6 |  6.7

Action                   |  1- 3 |  4- 6 |  7- 9 || total
-------------------------+-------+-------+-------++-------
Melee: Long sword        |    36 |   146 |    26 ||   208
       Headbutt          |     7 |    39 |     6 ||    52
Throw: Dart              |       |     6 |       ||     6
  Use: Scroll            |       |     6 |       ||     6
       Potion            |       |     1 |     3 ||     4
Armor: Scale mail        |    17 |    65 |    27 ||   109
Dodge: Dodged            |    11 |    38 |     3 ||    52
Block: Kite shield       |    22 |    80 |    17 ||   119
       Rpst.: Long sword |     3 |    11 |       ||    14
